 Dungeon Crawl Stone Soup version 0.22.1-1-ga44c0e5 (webtiles) character file.

61 topirishpotato the Sneak (level 4, 0/28 HPs)
             Began as an Octopode Transmuter on Sept 27, 2018.
             Slain by a gnoll
             ... wielding a +0 halberd
              (16 damage)
             ... on level 2 of the Dungeon.
             The game lasted 00:02:30 (1630 turns).

topirishpotato the Sneak (Octopode Transmuter)      Turns: 1630, Time: 00:02:31

Health: 0/28       AC:  1    Str: 10    XL:     4   Next: 7%
Magic:  6/7        EV: 13    Int: 15    God:
Gold:   57         SH:  0    Dex: 12    Spells: 6/7 levels left

rFire    . . .     SeeInvis .     - Unarmed
rCold    . . .     Gourm    .   (no shield)
rNeg     . . .     Faith    .   (helmet restricted)
rPois    .         Spirit   .   (no amulet)
rElec    .         Reflect  .   (no ring)
rCorr    .         Harm     .   (no ring)
MR       .....                  (no ring)
Stlth    ++++......             (no ring)
HPRegen  0.09/turn              (no ring)
MPRegen  0.10/turn              (no ring)
                                (no ring)
                                (no ring)

@: appendage
A: almost no armour, stealthy swim, amphibious, 8 rings, constrict 8, tentacle
spike 3, camouflage 1, gelatinous body 1
a: End Transformation


You were on level 2 of the Dungeon.
You were not hungry.
One of your tentacles had a temporary spike.
You visited 1 branch of the dungeon, and saw 2 of its levels.

You collected 57 gold pieces.

Inventory:

Missiles
 a - 53 arrows
Scrolls
 d - a scroll of fog {unknown}
 e - 3 scrolls of identify {unknown}
 f - 3 scrolls of teleportation {unknown}
Potions
 b - a potion of brilliance {unknown}
 g - a potion of might {unknown}
 h - a potion of heal wounds {unknown}
 i - a potion of haste {unknown}
Comestibles
 c - 3 rations


   Skills:
 - Level 1.0 Fighting
 - Level 2.1 Dodging
 + Level 4.5 Stealth
 - Level 3.0 Unarmed Combat
 - Level 2.2 Spellcasting
 - Level 2.1 Transmutations


You had 6 spell levels left.
You knew the following spells:

 Your Spells              Type           Power        Failure   Level  Hunger
a - Beastly Appendage     Tmut           #.....       9%          1    #......

Your spell library contained the following spells:

 Spells                   Type           Power        Failure   Level  Hunger
 Sticks to Snakes         Tmut           #.......     14%         2    ###....
 Spider Form              Tmut/Pois      #.........   38%         3    ###....
 Ice Form                 Ice/Tmut       #.......     80%         4    #####..
 Blade Hands              Tmut           #.........   94%         5    ######.


Dungeon Overview and Level Annotations

Branches:
Dungeon (2/15)

Altars:


Innate Abilities, Weirdness & Mutations

You cannot wear most types of armour.
You are very stealthy in the water. (Stealth+)
You are amphibious.
You can wear up to eight rings at the same time.
You can use your tentacles to constrict eight enemies at once.
Your skin changes colour to match your surroundings (Stealth+).
Your rubbery body absorbs attacks. (AC +1, EV +1)
One of your tentacles bears a large vicious spike.


Message History

The gnoll is heavily wounded.
You constrict the gnoll. The gnoll hits you with a whip!
You tentacle-slap the gnoll. You squeeze the gnoll.
The gnoll is almost dead.
You constrict the gnoll.
You kill the gnoll!
You have reached level 4!
The gnoll closely misses you.
Casting: Beastly Appendage (safe; 9% risk of failure)
Confirm with . or Enter, or press ? or * to list all spells.
One of your tentacles grows a vicious spike.
The gnoll closely misses you. The gnoll barely misses you. x2
You see here a whip.
You completely miss the gnoll. You grab the gnoll.
You pierce the gnoll.
The gnoll is moderately wounded.
You constrict the gnoll. The gnoll barely misses you.
The gnoll hits you with a halberd!
Ouch! That really hurt!
You die...

#.. #.# .#
#.###.##.#
###........#
#...###...##
#.#.....#.#
#.##.#.##.#
#..†###...#
#..##)#$##.#
#. #g@...# #
#...g##....#
.......
....##
#######
#####


You could see 2 gnolls.

Vanquished Creatures
  A gnoll (D:2)
  An adder (D:2)
  An ooze (D:2)
  2 worms (D:2)
  A leopard gecko (D:2)
  2 giant cockroaches (D:1)
  A goblin (D:1)
  7 hobgoblins (D:1)
  3 jackals (D:1)
  A quokka (D:2)
  3 frilled lizards (D:1)
  5 kobolds
  A leopard gecko skeleton (D:2)
  A quokka zombie (D:2)
  2 rats
32 creatures vanquished.

Notes
Turn   | Place    | Note
-------+----------+-------------------------------------------
     0 | D:1      | topirishpotato the Octopode Transmuter began the quest for
                  | the Orb.
     0 | D:1      | Reached XP level 1. HP: 13/13 MP: 3/3
   149 | D:1      | Reached skill level 1 in Stealth
   157 | D:1      | Reached XP level 2. HP: 12/18 MP: 5/5
   439 | D:1      | Reached skill level 2 in Stealth
   837 | D:1      | Reached XP level 3. HP: 12/23 MP: 6/6
  1036 | D:2      | Reached skill level 3 in Stealth
  1607 | D:2      | Reached skill level 4 in Stealth
  1627 | D:2      | Reached XP level 4. HP: 16/28 MP: 7/7
  1630 | D:2      | Slain by a gnoll

Skill      XL: |  1  2  3 |
---------------+----------+-----
Stealth        | 1 2 4 |  4.5
Fighting       | |  1.0
Dodging        | |  2.1
Unarmed Combat | |  3.0
Spellcasting   | |  2.2
Transmutations | |  2.1

Action                   |  1- 3 |  4- 6 || total
-------------------------+-------+-------++-------
Melee: Unarmed           |    82 |     1 ||    83
       Constrict         |    20 |     1 ||    21
       Tentacles         |    11 |       ||    11
       Punch             |     1 |       ||     1
       Kick              |     3 |     1 ||     4
 Cast: Beastly Appendage |     1 |     1 ||     2
 Stab: Sleeping          |     8 |       ||     8
  Eat: Chunk             |     2 |       ||     2
Armor: Skin              |     2 |       ||     2
Dodge: Dodged            |    36 |     5 ||    41
